 Dungeon Sprint DCSS version 0.21.1-1-g345015f (webtiles) character file.

1528 Fang the Cleaver (level 8, -5/60 HPs)
             Began as a Gargoyle Berserker on July 13, 2018.
             Was a High Priest of Trog.
             Slain by an ice devil (12 damage)
             ... in the Dungeon (Sprint VII: "The Pits").
             The game lasted 00:02:49 (1407 turns).

Fang the Cleaver (Gargoyle Berserker)               Turns: 1407, Time: 00:02:50

Health: -5/60      AC:  8    Str: 23    XL:     8   Next: 85%
Magic:  8/8        EV: 14    Int:  8    God:    Trog [*****.]
Gold:   0          SH:  0    Dex:  9    Spells: 7/7 levels left

rFire    . . .     SeeInvis .   m - +0 hand axe (chop)
rCold    . . .     Gourm    .   (no shield)
rNeg     + . .     Faith    .   b - +0 animal skin
rPois    ∞         Spirit   .   (no helmet)
rElec    +         Reflect  .   (no cloak)
rCorr    .         Harm     .   (no gloves)
MR       .....     NoTele   +   (no boots)
Stlth    ++........             (no amulet)
HPRegen  0.20/turn              (no ring)
MPRegen  0.11/turn              (no ring)

@: berserk cooldown, slowed, very slow
A: negative energy resistance 1, electricity resistance, unbreathing,
petrification resistance, rot immunity, AC +5
a: Berserk, Trog's Hand, Brothers in Arms, Burn Spellbooks, Renounce Religion


You were in the Dungeon.
You worshipped Trog.
Trog was extremely pleased with you.
You were hungry.

You visited 1 branch

Inventory:

Hand Weapons
 m - a +0 hand axe of chopping (weapon)
Armour
 b - a +0 animal skin (worn)
Scrolls
 i - a scroll of blinking
 k - 3 scrolls of remove curse
 l - a scroll of summoning
Potions
 a - 2 potions of invisibility
 d - 6 potions of curing
 e - 6 potions of heal wounds
 f - a potion of haste
 g - 4 potions of magic
 h - 3 potions of berserk rage
Comestibles
 c - 9 rations
 j - a chunk of flesh


   Skills:
 + Level 11.0 Fighting
 + Level 12.5 Axes
 + Level 5.4 Armour
 + Level 6.5 Dodging
 + Level 3.4 Stealth


You had 7 spell levels left.
You didn't know any spells.

Dungeon Overview and Level Annotations

Branches:
Dungeon (1/1)

Altars:
Cheibriados
Dithmenos
Elyvilon
Fedhas
Gozag
Hepliaklqana
Makhleb
Nemelex Xobeh
Okawaru
Qazlal
Ru
Sif Muna
Trog
Vehumet
Wu Jian
Xom
Yredelemnul
Zin
The Shining One
Beogh
Jiyva
Lugonu


Innate Abilities, Weirdness & Mutations

You are resistant to torment.
Your stone body is resilient. (AC +5)
You are immune to poison.
You resist negative energy. (rN+)
You are resistant to electric shocks. (rElec)
You can survive without breathing.
You are immune to petrification.
You are immune to rotting.


Message History

You bump into the metal wall.
You are no longer berserk.
You are exhausted.
You feel yourself slow down.
The ice devil hits you but does no damage.
You bump into the metal wall.
The ice devil misses you.
Unknown command.
You bump into the metal wall.
The ice devil misses you. The ice devil hits you! The ice devil freezes you!
* * * LOW HITPOINT WARNING * * *
The ice devil hits you but does no damage.
There is an open door, spattered with blood here.
Things that are here:
a mace; a leather armour You bump into the metal wall.
You feel less confused. The ice devil barely misses you.
The ice devil hits you!
* * * LOW HITPOINT WARNING * * *
The ice devil freezes you!
You die...

#.#..'[))))##.......#
#.#..#[.)).##.......#
#'###########.......#
#.......#).##########
#..#.#..#)######
#.##.##.#)#....#
#.))....#'#†...#
#.##.##.#.4....+
#..#.#..#@#....#
#.......'(#....#
################


You could see an ice devil.

Vanquished Creatures
  An orc high priest (D)
  A tarantella (D)
  A warg (D)
  A floating eye (D)
  A sky beast (D)
  A black bear (D)
  2 centaurs (D)
  An orc priest (D)
  2 worker ants (D)
  An orc wizard (D)
  A river rat (D)
  An ooze (D)
  4 orcs (D)
  3 giant cockroaches (D)
  A hobgoblin (D)
  2 ball pythons (D)
  A goblin (D)
  A kobold (D)
26 creatures vanquished.

Vanquished Creatures (others)
  Sigmund (D)
1 creature vanquished.

Grand Total: 27 creatures vanquished

Notes
Turn   | Place    | Note
-------+----------+-------------------------------------------
     0 | D        | Fang the Gargoyle Berserker began the quest for the Orb.
     0 | D        | Reached XP level 1. HP: 14/14 MP: 1/1
    21 | D        | Reached skill level 3 in Axes
   325 | D        | Found a bloodstained altar of Trog.
   325 | D        | Found a deep blue altar of Sif Muna.
   325 | D        | Found a viscous altar of Jiyva.
   325 | D        | Found a hazy altar of Hepliaklqana.
   325 | D        | Found an opulent altar of Gozag.
   326 | D        | Found a glowing golden altar of the Shining One.
   326 | D        | Found a glowing silver altar of Zin.
   326 | D        | Found a basalt altar of Yredelemnul.
   326 | D        | Found a shimmering altar of Xom.
   326 | D        | Found an ornate altar of the Wu Jian Council.
   326 | D        | Found a sacrificial altar of Ru.
   326 | D        | Found a stormy altar of Qazlal.
   326 | D        | Found an iron altar of Okawaru.
   326 | D        | Found a sparkling altar of Nemelex Xobeh.
   326 | D        | Found a burning altar of Makhleb.
   326 | D        | Found a blossoming altar of Fedhas.
   326 | D        | Found a white marble altar of Elyvilon.
   326 | D        | Found a shadowy altar of Dithmenos.
   326 | D        | Found a snail-covered altar of Cheibriados.
   328 | D        | Found a radiant altar of Vehumet.
   328 | D        | Found a corrupted altar of Lugonu.
   328 | D        | Found a roughly hewn altar of Beogh.
   377 | D        | Reached ** piety under Trog
   377 | D        | Reached XP level 2. HP: 16/20 MP: 2/2
   454 | D        | Reached *** piety under Trog
   459 | D        | Reached skill level 5 in Fighting
   459 | D        | Reached skill level 4 in Axes
   459 | D        | Reached XP level 3. HP: 9/26 MP: 3/3
   460 | D        | Reached skill level 5 in Axes
   460 | D        | Reached XP level 4. HP: 10/31 MP: 4/4
   834 | D        | Noticed a floating eye
   834 | D        | Noticed a black bear
   837 | D        | Paralysed by a floating eye for 3 turns
   842 | D        | Killed a floating eye
   842 | D        | Reached skill level 7 in Axes
   842 | D        | Reached skill level 1 in Stealth
   842 | D        | Reached XP level 5. HP: 37/37 MP: 5/5
   842 | D        | Killed a black bear
   842 | D        | Reached skill level 8 in Axes
   842 | D        | Reached XP level 6. HP: 44/44 MP: 6/6
   908 | D        | Reached **** piety under Trog
   922 | D        | Reached ***** piety under Trog
  1096 | D        | Noticed a warg
  1102 | D        | Killed a warg
  1102 | D        | Reached skill level 9 in Axes
  1102 | D        | Reached skill level 5 in Dodging
  1102 | D        | Reached XP level 7. HP: 28/50 MP: 7/7
  1282 | D        | Noticed an orc high priest
  1287 | D        | Noticed a rust devil
  1287 | D        | Noticed an ice devil
  1290 | D        | Killed an orc high priest
  1290 | D        | Reached skill level 10 in Fighting
  1290 | D        | Reached skill level 11 in Axes
  1290 | D        | Reached skill level 5 in Armour
  1290 | D        | Reached XP level 8. HP: 58/58 MP: 8/8
  1320 | D        | Noticed Sigmund
  1327 | D        | Killed Sigmund
  1333 | D        | Reached skill level 12 in Axes
  1384 | D        | Noticed a tarantella
  1384 | D        | Noticed an ice devil
  1388 | D        | Received a gift from Trog
  1398 | D        | Killed a tarantella
  1407 | D        | Slain by an ice devil

Skill      XL: |  1  2  3  4  5  6  7  8 |
---------------+-------------------------+-----
Axes           | 3 4 5 7 8 9 11 12 | 12.5
Fighting       | 4 5 6 7 8 10 11 | 11.0
Dodging        | 2 3 4 5 6 |  6.5
Armour         | 3 4 5 |  5.4
Stealth        | 1 3 |  3.4

Action                   |  1- 3 |  4- 6 |  7- 9 || total
-------------------------+-------+-------+-------++-------
Melee: Hand axe          |    32 |    35 |    30 ||    97
Invok: Berserk           |     2 |     2 |     3 ||     7
  Eat: Chunk             |       |     3 |     4 ||     7
Armor: Animal skin       |     8 |     7 |     6 ||    21
Dodge: Dodged            |    27 |    12 |    16 ||    55
